 Dungeon Crawl Stone Soup version 0.18.1-48-g4cf74bf (webtiles) character file.

150 dearth the Shield-Bearer (level 5, 0/47 HPs)
             Began as a Minotaur Fighter on Aug 3, 2016.
             Killed from afar by eragonby's ghost (7 damage)
             ... with a magic dart
             ... on level 3 of the Dungeon.
             The game lasted 00:05:03 (1528 turns).

dearth the Shield-Bearer (Minotaur Fighter)         Turns: 1528, Time: 00:05:03

Health: 0/47       AC:  7    Str: 27    XL:     5   Next: 10%
Magic:  4/4        EV:  8    Int:  5    God:
Gold:   127        SH: 10    Dex:  9    Spells: 0 memorised, 4 levels left

rFire  . . .     SeeInvis .     a - +0 flail
rCold  . . .     Gourm    .     b - +0 scale mail
rNeg   . . .     Faith    .     c - +0 shield
rPois  .         Spirit   .     (helmet restricted)
rElec  .         Dismiss  .     (no cloak)
rCorr  .         Reflect  .     (no gloves)
SustAt .         Harm     .     (no boots)
MR     .....                    (no amulet)
Stlth  ..........               (no ring)
                                (no ring)

@: mighty, not resistant to hostile enchantments, extremely unstealthy
A: retaliatory headbutt, horns 2
a: no special abilities


You were on level 3 of the Dungeon.
You were not hungry.

You visited 1 branch of the dungeon, and saw 3 of its levels.

You collected 127 gold pieces.

Inventory:

Hand Weapons
 a - a +0 flail (weapon)
Armour
 b - a +0 scale mail (worn)
 c - a +0 shield (worn)
Scrolls
 e - 2 scrolls of recharging {unknown}
 j - 4 scrolls of identify {unknown}
 k - a scroll of noise {unknown}
 m - a scroll of fog {unknown}
 o - a scroll of remove curse {unknown}
 q - 2 scrolls of teleportation {unknown}
Potions
 g - a potion of degeneration {unknown}
 i - a potion of brilliance {unknown}
 l - 2 potions of curing {unknown}
Comestibles
 f - a bread ration
 h - 2 slices of pizza
 n - a meat ration
 p - 2 fruits


   Skills:
 + Level 4.5 Fighting
 * Level 4.0 Maces & Flails
 + Level 4.6 Armour
 + Level 4.7 Shields


You had 4 spell levels left.
You didn't know any spells.

Dungeon Overview and Level Annotations

Branches:
Dungeon (3/15)

Altars:

Annotations:
D:3 eragonby's ghost, amateur HECj


Innate Abilities, Weirdness & Mutations

You reflexively headbutt those who attack you in melee.
You have a pair of horns on your head.


Message History

You block the orc's attack.
The quokka bites you but does no damage.
You block eragonby's ghost's attack. The orc barely misses you.
You miss eragonby's ghost.
Eragonby's ghost is severely damaged.
The goblin hits you with a club.
* * * LOW HITPOINT WARNING * * *
The quokka misses you.
Eragonby's ghost hits you but does no damage.
The orc hits you but does no damage. You block the quokka's attack.
You closely miss eragonby's ghost.
Eragonby's ghost is heavily damaged.
You block the goblin's attack. Eragonby's ghost casts a spell at you.
The magic dart hits you!
The quokka bites you but does no damage.
You block the orc's attack. The goblin hits you but does no damage.
Eragonby's ghost casts a spell at you. The magic dart hits you!
You die...

########### #.......#
.!........# #.......##
..........# #.........
..........# #.........
..........# #.........
.........$# #.........
..........#####......##.
......W@)†..............
......org...###.......#.
..........#..##.......†.
..........##.##........#
..........# ..#........#
..........# #.#........#
..........# .#........#
..........# .....##...#
......##...#


You could see eragonby's ghost, an orc, a quokka and a goblin.

Vanquished Creatures
  2 orc wizards (D:3)
  3 adders
  An ooze (D:1)
  A worm (D:2)
  3 dart slugs
  2 giant geckos (D:1)
  An orc (D:3)
  2 giant cockroaches
  10 goblins
  2 hobgoblins
  4 jackals
  8 kobolds
  A ball python (D:2)
  7 bats
  8 rats
55 creatures vanquished.

Notes
Turn   | Place    | Note
--------------------------------------------------------------
     0 | D:1      | dearth the Minotaur Fighter began the quest for the Orb.
     0 | D:1      | Reached XP level 1. HP: 19/19 MP: 0/0
   113 | D:1      | Reached XP level 2. HP: 24/27 MP: 1/1
   367 | D:1      | Reached XP level 3. HP: 32/33 MP: 2/2
  1151 | D:2      | Reached XP level 4. HP: 40/40 MP: 3/3
  1512 | D:3      | Noticed eragonby's ghost (amateur HECj)
  1517 | D:3      | Reached XP level 5. HP: 41/47 MP: 4/4
  1528 | D:3      | Killed from afar by eragonby's ghost

Skill      XL: |  1  2  3  4 |
---------------+-------------+-----
Shields        | 4 |  4.7
Armour         | 4 |  4.6
Fighting       | 4 |  4.5
Maces & Flails | 3 4 |  4.0

Action                   |  1- 3 |  4- 6 || total
-------------------------+-------+-------++-------
Melee: Flail             |   115 |    29 ||   144
       Headbutt          |    13 |     3 ||    16
  Use: Potion            |       |     1 ||     1
  Eat: Chunk             |     1 |       ||     1
       Fruit             |       |     1 ||     1
Armor: Scale mail        |    76 |    13 ||    89
Dodge: Dodged            |    50 |    14 ||    64
Block: Shield            |    75 |    20 ||    95
